 Dungeon Crawl Stone Soup version 0.21-a0-621-gc60411f (webtiles) character file.

27 Amnesiac the Ruffian (level 2, -3/23 HPs)
             Began as a Draconian Transmuter on Dec 23, 2017.
             Slain by a gnoll
             ... wielding a +0 halberd
              (4 damage)
             ... on level 1 of the Dungeon.
             The game lasted 00:01:53 (499 turns).

Amnesiac the Ruffian (Draconian Transmuter)          Turns: 499, Time: 00:01:53

Health: -3/23      AC:  4    Str: 12    XL:     2   Next: 93%
Magic:  5/5        EV: 12    Int: 13    God:
Gold:   11         SH:  0    Dex: 11    Spells: 2/5 levels left

rFire    . . .     SeeInvis .     - Unarmed
rCold    . . .     Gourm    .   (no shield)
rNeg     . . .     Faith    .   (armour unavailable)
rPois    .         Spirit   .   (helmet restricted)
rElec    .         Reflect  .   (no cloak)
rCorr    .         Harm     .   (no gloves)
MR       .....                  (no boots)
Stlth    +.........             (no amulet)
HPRegen  0.07/turn              (no ring)
MPRegen  0.09/turn              (no ring)

@: drained
A: unfitting armour, cold-blooded, AC +4
a: no special abilities


You were on level 1 of the Dungeon.
You were not hungry.

You visited 1 branch of the dungeon, and saw 1 of its levels.

You collected 11 gold pieces.

Inventory:

Missiles
 a - 28 arrows
Scrolls
 d - a scroll of immolation {!r, unknown}
 e - 4 scrolls of identify {!r, unknown}
 f - a scroll of blinking {!r, unknown}
 g - 5 scrolls of teleportation {!r, unknown}
 h - a scroll of remove curse {!r, unknown}
 j - a scroll of enchant weapon {!r, unknown}
Books
 b - a book of Changes

   Spells                             Type                      Level
   a - Beastly Appendage              Transmutation                1
   b - Sticks to Snakes               Transmutation                2
   c - Spider Form                    Transmutation/Poison         3
   d - Ice Form                       Ice/Transmutation            4
   e - Blade Hands                    Transmutation                5
Comestibles
 c - 3 rations
 i - 4 chunks of flesh


   Skills:
 - Level 1.1(1.0) Fighting
 - Level 1.7(1.6) Dodging
 + Level 3.4 Unarmed Combat
 - Level 2.0(1.9) Spellcasting
 - Level 3.0(2.9) Transmutations


You had 2 spell levels left.
You knew the following spells:

 Your Spells              Type           Power        Failure   Level  Hunger
a - Beastly Appendage     Tmut           #.....       8%          1    ##.....
b - Sticks to Snakes      Tmut           #.......     12%         2    ###....


Dungeon Overview and Level Annotations

Branches:
Dungeon (1/15)

Altars:


Innate Abilities, Weirdness & Mutations

Your plain brown scales are hard. (AC +4)
You cannot fit into any form of body armour.
You are cold-blooded and may be slowed by cold attacks.


Message History

The kobold is moderately wounded.
The kobold barely misses you.
You hit the kobold.
You kill the kobold!
No target in view!
Key pressed, stopping explore.
No target in view!
No target in view!
Things that are here:
a short sword; a kobold corpse No target in view!
c - 3 rations (gained 1)
Things that are here:
a short sword; a kobold corpse Some of the chunks of flesh in your inventory have rotted away.
Key pressed, stopping explore.
No target in view!
You see here a short sword of draining.
Key pressed, stopping explore.
No target in view!
Some of the chunks of flesh in your inventory have rotted away.
An adder, a gnoll and a dart slug come into view.
The gnoll shouts!
Found 9 gold pieces.
There are monsters nearby!
The adder hisses angrily.
The gnoll misses you. The dart slug launches a dart at you.
The slug dart hits you!
There are monsters nearby!
You closely miss the gnoll. The gnoll closely misses you.
The adder completely misses you.
You hit the gnoll.
The gnoll is moderately wounded.
The adder bites you. The dart slug launches a dart at you.
The slug dart misses you. The gnoll barely misses you.
The adder bites you but does no damage. The adder closely misses you.
The adder misses you. The adder bites you.
* * * LOW HITPOINT WARNING * * *
You hit the adder.
The adder is heavily wounded.
The adder closely misses you. x2
You hit the adder.
The adder is severely wounded.
The adder bites you.
* * * LOW HITPOINT WARNING * * *
You are poisoned.
The adder poisons you!
You feel sick.
You hit the adder.
You kill the adder!
You feel sick.
You feel sick.
You feel sick.
You feel sick.
You are no longer poisoned.
The dart slug launches a dart at you. The slug dart hits you!
* * * LOW HITPOINT WARNING * * *
The gnoll hits you with a halberd.
You die...

##...# ##........## #.. ######w##
##....#.#..####.. ....##.#
#.......##..##... ...$.#.#
#.......##..##... .......#
##.....##..##..##. ...#.#.#
######..>...##(.##..##.
#...##.####.............##..##...
##.. #..##..#..g#.......##.<##...
#######.##g##w##@.....##..##..##.
.##.#..)...##.##......##..##..##[
###.#.###.##..#.........##..##...
......# #.##.#..###.#...##..##...
.##.### #)......# #.####[..##....
....### ##......# #.# ##..##....
#.....## #......# #.## #...#.....
#..##..# #..)...###..###.....#...
#.####.# #)#....#.>..........#...


You could see a gnoll.

Vanquished Creatures
  An adder (D:1)
  A leopard gecko (D:1)
  5 goblins (D:1)
  2 hobgoblins (D:1)
  A bat (D:1)
  A frilled lizard (D:1)
  2 kobolds (D:1)
  4 rats (D:1)
17 creatures vanquished.

Notes
Turn   | Place    | Note
-------+----------+-------------------------------------------
     0 | D:1      | Amnesiac the Draconian Transmuter began the quest for the Orb.
     0 | D:1      | Reached XP level 1. HP: 16/16 MP: 3/3
   161 | D:1      | Reached XP level 2. HP: 23/23 MP: 5/5
   188 | D:1      | Learned a level 2 spell: Sticks to Snakes
   494 | D:1      | HP: 1/23 [dart slug/slug dart (3)]
   499 | D:1      | Slain by a gnoll

Vault maps used:
D:1:      lightli_iron_boxes, minmay_shallow_snake_nest

Skill      XL: |  1  2 |
---------------+-------+-----
Transmutations | 3 |  3.0
Fighting       | |  1.1
Dodging        | |  1.7
Unarmed Combat | |  3.4
Spellcasting   | |  2.0

Action                   || total
-------------------------++-------
Melee: Unarmed           ||    57
       Tailslap          ||     2
 Cast: Beastly Appendage ||     1
 Stab: Sleeping          ||     1
Armor: Skin              ||    14
Dodge: Dodged            ||    33

Table legend:
 A = Spawn XP
 B = Non-spawn XP
 C = Spawn XP percentage of total XP
 D = Spawn monster count
 E = Non-spawn monster count
 F = Spawn count percentage of total count
 G = Total turns spent on level
                    A         B        C        D         E        F      G
               +---------+---------+-------+---------+---------+-------+---------
         Total |       0 |      39 |   0.0 |       0 |      17 |   0.0 |   499
               +---------+---------+-------+---------+---------+-------+---------
           D:1 |       0 |      39 |   0.0 |       0 |      17 |   0.0 |   499
               +---------+---------+-------+---------+---------+-------+---------
